 Dungeon Crawl Stone Soup version 0.27.1-4-g1640c2035a (webtiles) character file.

Game seed: 6810931116745086381

48 Crownlay the Digger (level 3, -3/19 HPs)
             Began as a Gargoyle Earth Elementalist on Nov 7, 2021.
             Killed by divine providence
             ... invoked by an orc priest
              (9 damage)
             ... on level 3 of the Dungeon.
             The game lasted 00:01:59 (1773 turns).

Crownlay the Digger (Gargoyle Earth Elementalist)   Turns: 1773, Time: 00:02:00

Health: -3/19      AC:  5    Str: 11    XL:     3   Next: 72%
Magic:  7/7        EV: 11    Int: 16    God:
Gold:   122        SH:  0    Dex: 10    Spells: 7/8 levels left

rFire    . . .     SeeInvis .   a - +0 hand axe
rCold    . . .     Faith    .   (no shield)
rNeg     + . .     Spirit   .   b - +0 robe
rPois    ∞         Reflect  .   (no helmet)
rElec    +         Harm     .   (no cloak)
rCorr    .         Rampage  .   (no gloves)
Will     .....                  (no boots)
Stlth    ++........             (no amulet)
HPRegen  0.06/turn              (no ring)
MPRegen  0.10/turn              (no ring)

@: no status effects
A: sickness immunity, AC +3, negative energy resistance 1, electricity
resistance, torment resistance 1, petrification resistance
a: no special abilities


You were on level 3 of the Dungeon.
You visited 1 branch of the dungeon, and saw 3 of its levels.

You collected 122 gold pieces.

Inventory:

Hand Weapons
 a - a +0 hand axe (weapon)
Missiles
 c - 14 stones
 m - a throwing net
Armour
 b - a +0 robe (worn)
Scrolls
 e - 2 scrolls of noise {unknown}
 g - 2 scrolls of identify {unknown}
 h - a scroll of enchant armour {unknown}
 i - a scroll of fear {unknown}
 j - a scroll of torment {unknown}
 k - a scroll of magic mapping {unknown}
 n - a scroll of amnesia {unknown}
 o - a scroll of brand weapon {unknown}
 r - a scroll of enchant weapon {unknown}
Potions
 d - a potion of attraction {unknown}
 f - a potion of lignification {unknown}
 l - a potion of cancellation {unknown}
 p - a potion of brilliance {unknown}
 q - a potion of curing {unknown}


   Skills:
 - Level 1.5 Dodging
 - Level 2.1 Stealth
 * Level 3.2 Spellcasting
 - Level 0.7 Transmutations
 + Level 4.3 Earth Magic


You had 7 spell levels left.
You knew the following spells:

 Your Spells              Type           Power      Damage    Failure   Level
a - Sandblast             Erth           32%        2d9       3%          1

Your spell library contained the following spells:

 Spells                   Type           Power      Damage    Failure   Level
 Passwall                 Tmut/Erth      8%         N/A       10%         2
 Stone Arrow              Conj/Erth      18%        3d8       22%         3
 Ozocubu's Armour         Ice            2%         N/A       50%         3
 Petrify                  Tmut/Erth      10%        N/A       54%         4
 Ozocubu's Refrigeration  Ice            1%         4d5       100%        7


Dungeon Overview and Level Annotations

Branches:
Dungeon (3/15)

Altars:
The Shining One


Innate Abilities, Weirdness & Mutations

You are immune to sickness and miasma.
Your stone body is resilient. (AC +3)
You are immune to poison.
You resist negative energy. (rN+)
You are resistant to electric shocks. (rElec)
You are resistant to unholy torment.
You are immune to petrification.


Message History

The rat barely misses you. The rat bites you but does no damage.
You closely miss the rat. The rat closely misses you.
You hit the rat but do no damage. The rat bites you but does no damage.
Your unstable footing causes you to fumble your attack.
The rat bites you but does no damage.
You hit the rat.
You kill the rat!
No target in view!
No target in view!
No target in view!
r - a scroll labelled YPLUNU UKUNOLI
There is a stone staircase leading down here.
You see here a frilled lizard corpse.
You open the door.
There is an open door here.
There is a stone staircase leading up here.
Found 32 arrows.
Found a chain mail.
Found a lumpy black potion.
Found 21 arrows.
Found a moonstone ring.
An orc comes into view. It is wielding a +0 flail.
An orc is nearby!
An orc is nearby!
An orc warrior and an orc priest come into view.
The orc warrior shouts!
The orc shouts!
You hear a shout!
An orc comes into view. It is wielding a +0 mace of protection.
You see here 21 arrows.
The orc priest mumbles some strange prayers to Beogh against you.
Beogh smites you!
Ouch! That really hurt!
* * * LOW HITPOINT WARNING * * *
The orc closely misses you.
You are too injured to fight recklessly!
You see here 21 arrows.
The orc priest looks satisfied for a moment.
The orc throws a boomerang.
The boomerang barely misses you.
The orc priest mumbles some strange prayers to Beogh against you.
Beogh smites you!
You die...

##........# . #........#
#...!....# #........#
###.......o# #........#
#.........o########........
#.......o........##........
#.....#...o.....(##........
#.....#..........#.........
#.....#..........#.........
..=...#....@......#.........
......#...###.....# #......#
......#...........# ###.....
..#...........#####.....
.........................
..........................
............###...........
..##.........##...........
.. #.........##......#...#


You could see an orc warrior, an orc priest and 2 orcs.

Vanquished Creatures
  A worm (D:3)
  A dart slug (D:2)
  3 ball pythons
  3 bats (D:2)
  5 endoplasms
  A giant cockroach (D:2)
  4 goblins
  5 hobgoblins
  3 jackals (D:2)
  A quokka (D:1)
  3 frilled lizards
  2 kobolds (D:1)
  8 rats
40 creatures vanquished.

Notes
Turn   | Place    | Note
-------+----------+-------------------------------------------
     0 | D:1      | Crownlay the Gargoyle Earth Elementalist began the quest
                  | for the Orb.
     0 | D:1      | Reached XP level 1. HP: 10/10 MP: 3/3
   380 | D:1      | Reached XP level 2. HP: 15/15 MP: 3/5
   774 | D:2      | Reached skill level 4 in Earth Magic
   923 | D:2      | Reached XP level 3. HP: 14/19 MP: 2/7
  1077 | D:2      | Found a faded altar of an unknown god.
  1620 | D:3      | Found a glowing golden altar of the Shining One.
  1761 | D:3      | Noticed an orc warrior
  1773 | D:3      | Killed from afar by an orc priest

Illustrated notes

Levels and vault maps discovered:
D:1:      lemuel_arrival_funnel, layout_rooms, hangedman_feature_mirror,
          roderic_roman_lattice
D:2:      layout_rooms, shapermc_ecumenical_altar_ellora, minmay_misc_feat_rows
D:3:      layout_basic, mainiacjoe_overflow_catch_the_wave

Skill      XL: |  1  2  3 |
---------------+----------+-----
Earth Magic    | 4 |  4.3
Spellcasting   | 3 |  3.2
Dodging        | |  1.5
Stealth        | |  2.1
Transmutations | |  0.7

Action                   || total
-------------------------++-------
Melee: Hand axe          ||    16
 Cast: Sandblast         ||    49
Armor: Robe              ||     5
Dodge: Dodged            ||    23
